 Dungeon Crawl Stone Soup version 0.22-a0-611-g46e8f3c735 (webtiles) character file.

30 RedPan the Sneak (level 3, -6/21 HPs)
             Began as an Octopode Wizard on July 11, 2018.
             Mangled by Terence
             ... wielding a +2 flail of crushing
              (10 damage)
             ... on level 2 of the Dungeon.
             The game lasted 00:02:07 (1498 turns).

RedPan the Sneak (Octopode Wizard)                  Turns: 1498, Time: 00:02:08

Health: -6/21      AC:  1    Str:  6    XL:     3   Next: 20%
Magic:  2/7        EV: 13    Int: 20    God:
Gold:   69         SH:  0    Dex: 11    Spells: 3/8 levels left

rFire    . . .     SeeInvis .   i - +0 dagger
rCold    . . .     Gourm    .   (no shield)
rNeg     + . .     Faith    .   a - +0 hat
rPois    .         Spirit   .   (no amulet)
rElec    .         Reflect  .   b - ring of positive energy
rCorr    .         Harm     .   (no ring)
MR       .....                  (no ring)
Stlth    +++.......             (no ring)
HPRegen  0.07/turn              (no ring)
MPRegen  0.10/turn              (no ring)
                                (no ring)
                                (no ring)

@: no status effects
A: almost no armour, stealthy swim, amphibious, 8 rings, constrict 8, camouflage
1, gelatinous body 1
a: no special abilities


You were on level 2 of the Dungeon.
You were hungry.

You visited 1 branch of the dungeon, and saw 2 of its levels.

You collected 69 gold pieces.

Inventory:

Hand Weapons
 i - a +0 dagger (weapon)
Armour
 a - a +0 hat (worn)
Jewellery
 b - a ring of positive energy (left tentacle)
Scrolls
 e - a scroll of noise {unknown}
 g - a scroll of fog {unknown}
 h - a scroll of enchant weapon {unknown}
Potions
 d - a potion of curing {unknown}
 f - a potion of ambrosia {unknown}
Comestibles
 c - 3 rations
 j - a chunk of flesh


   Skills:
 + Level 2.3 Dodging
 + Level 3.2 Stealth
 + Level 3.2 Spellcasting
 * Level 2.0 Conjurations
 + Level 1.0 Summonings
 - Level 1.0 Translocations


You had 3 spell levels left.
You knew the following spells:

 Your Spells              Type           Power        Failure   Level  Hunger
a - Magic Dart            Conj           ##..         6%          1    None
b - Blink                 Tloc           N/A          14%         2    ##.....
c - Call Imp              Summ           #.......     14%         2    ##.....

Your spell library contained the following spells:

 Spells                   Type           Power        Failure   Level  Hunger
 Conjure Flame            Conj/Fire      #.......     26%         3    ###....
 Slow                     Hex            #.......     22%         2    ##.....
 Mephitic Cloud           Conj/Pois/Air  #.......     32%         3    ###....


Dungeon Overview and Level Annotations

Branches:
Dungeon (2/15)

Altars:

Annotations:
D:2 Jessica, Terence


Innate Abilities, Weirdness & Mutations

You cannot wear most types of armour.
You are very stealthy in the water. (Stealth+)
You are amphibious.
You can wear up to eight rings at the same time.
You can use your tentacles to constrict eight enemies at once.
Your skin changes colour to match your surroundings (Stealth+).
Your rubbery body absorbs attacks. (AC +1, EV +1)


Message History

Terence shouts, "ATTACK!!!"
Terence completely misses you.
You hit Terence but do no damage. You grab Terence.
Terence is moderately wounded.
You constrict Terence. Terence closely misses you.
You hit Terence but do no damage. You squeeze Terence.
Terence is heavily wounded.
You constrict Terence, but do no damage.
Your crimson imp hits Terence but does no damage.
Terence hits you with a flail of crushing!
* * * LOW HITPOINT WARNING * * *
x2 You hit Terence.
Terence is heavily wounded.
You constrict Terence, but do no damage.
Your crimson imp hits Terence.
You hit Terence but do no damage. You squeeze Terence, but do no damage.
Terence is severely wounded.
You constrict Terence, but do no damage.
Terence hits you with a flail of crushing!
You die...

####...#)#
#..........
.......#.# ####.###
#.#...#.# #...g..# .
#.......####†##.#.#.
####..†....#.##.#.#.
##..###.#.##....
###..###.#.####.#.
#.....##.#@####.#.#
#.#.......5@5)..# .
#........#.###.##
...<.#####..#.##.#
###.. #.###.#.# ##.
#.. ##.# #. #.#. #.#
#.... ..# ### .####
..


You could see Terence and 2 friendly crimson imps.

Vanquished Creatures
  A dart slug (D:1)
  2 leopard geckos (D:1)
  2 bats (D:1)
  2 giant cockroaches (D:1)
  3 hobgoblins (D:1)
  A quokka (D:2)
  3 frilled lizards
  5 goblins
  3 kobolds
  3 rats
25 creatures vanquished.

Vanquished Creatures (collateral kills)
  A hobgoblin (D:2)
1 creature vanquished.

Grand Total: 26 creatures vanquished

Notes
Turn   | Place    | Note
-------+----------+-------------------------------------------
     0 | D:1      | RedPan the Octopode Wizard began the quest for the Orb.
     0 | D:1      | Reached XP level 1. HP: 11/11 MP: 4/4
   345 | D:1      | Reached XP level 2. HP: 17/17 MP: 6/6
  1251 | D:2      | Reached XP level 3. HP: 17/21 MP: 7/7
  1414 | D:2      | Learned a level 2 spell: Blink
  1417 | D:2      | Learned a level 2 spell: Call Imp
  1434 | D:2      | Noticed Jessica
  1437 | D:2      | Noticed Terence
  1498 | D:2      | Mangled by Terence

Vault maps used:
D:1:      dpeg_arrival_morbid_curiosity
D:2:      gammafunk_temple_overflow_pools, kiku_gazebo_garden_becter,
          first_ration, uniq_crazy_yiuf_cottage, uniq_jessica, uniq_terence

Skill      XL: |  1  2  3 |
---------------+----------+-----
Stealth        | 3 |  3.2
Conjurations   | 2 |  2.0
Dodging        | |  2.3
Spellcasting   | |  3.2
Summonings     | |  1.0
Translocations | |  1.0

Action                   || total
-------------------------++-------
Melee: Unarmed           ||    11
       Constrict         ||     9
       Tentacles         ||     7
       Short sword       ||    16
       Dagger            ||     6
 Cast: Magic Dart        ||    27
       Call Imp          ||     4
 Stab: Sleeping          ||     3
  Eat: Chunk             ||     1
Armor: Skin              ||     1
Dodge: Dodged            ||    21

Table legend:
 A = Spawn XP
 B = Non-spawn XP
 C = Spawn XP percentage of total XP
 D = Spawn monster count
 E = Non-spawn monster count
 F = Spawn count percentage of total count
 G = Total turns spent on level
                    A         B        C        D         E        F      G
               +---------+---------+-------+---------+---------+-------+---------
         Total |       0 |      44 |   0.0 |       0 |      26 |   0.0 |  1498
               +---------+---------+-------+---------+---------+-------+---------
           D:1 |       0 |      33 |   0.0 |       0 |      18 |   0.0 |  1247
           D:2 |       0 |      11 |   0.0 |       0 |       8 |   0.0 |   251
               +---------+---------+-------+---------+---------+-------+---------
